 Dungeon Crawl Stone Soup version 0.23.2-33-g5129a83184 (webtiles) character file.

Game seed: 3038893099420835588

326 H0rd4k the Charlatan (level 6, -2/66 HPs)
             Began as a Human Artificer on Aug 1, 2019.
             Killed by nerve-wracking pain
             ... invoked by an orc priest
              (11 damage)
             ... on level 4 of the Dungeon.
             The game lasted 00:04:09 (3461 turns).

H0rd4k the Charlatan (Human Artificer)              Turns: 3461, Time: 00:04:10

Health: -2/66      AC:  8    Str: 19    XL:     6   Next: 78%
Magic:  8/8        EV: 13    Int: 11    God:
Gold:   178        SH:  0    Dex: 14    Spells: 5/5 levels left

rFire    . . .     SeeInvis .   h - +2 dagger (venom)
rCold    . . .     Gourm    .   (no shield)
rNeg     . . .     Faith    .   b - +0 leather armour
rPois    .         Spirit   .   v - +2 hat
rElec    .         Reflect  .   (no cloak)
rCorr    .         Harm     .   l - +2 pair of gloves
MR       +....                  (no boots)
Stlth    ..........             (no amulet)
HPRegen  0.21/turn              a - ring of protection from magic
MPRegen  0.11/turn              (no ring)

@: berserking (expiring), very quick
A: no striking features
a: no special abilities


You were on level 4 of the Dungeon.
You were not hungry.

You visited 1 branch of the dungeon, and saw 4 of its levels.

You collected 178 gold pieces.

Inventory:

Hand Weapons
 h - a +2 dagger of venom (weapon)
Missiles
 i - 4 poisoned needles
 p - a throwing net (quivered)
Armour
 b - a +0 leather armour (worn)
 l - a +2 pair of gloves (worn)
 v - a +2 hat (worn)
Jewellery
 a - a ring of protection from magic (left hand)
Wands
 c - a wand of flame (14)
 d - a wand of enslavement (15)
 e - a wand of random effects (14)
Scrolls
 g - 9 scrolls of identify {unknown}
 k - 5 scrolls of remove curse {unknown}
 m - 2 scrolls of enchant weapon {unknown}
 q - 2 scrolls of teleportation {unknown}
 r - 2 scrolls of blinking {unknown}
 s - a scroll of immolation {unknown}
 y - a scroll of amnesia {unknown}
 z - a scroll of fear {unknown}
Potions
 n - a potion of agility {unknown}
 o - a potion of magic {unknown}
 t - 3 potions of haste {unknown}
 u - 2 potions of curing {unknown}
 x - 3 potions of might {unknown}
Comestibles
 f - 12 rations
 w - 2 chunks of flesh


   Skills:
 + Level 2.0 Fighting
 + Level 3.4 Short Blades
 + Level 2.7 Armour
 + Level 3.0 Dodging
 + Level 2.2 Stealth
 + Level 3.7 Evocations


You had 5 spell levels left.
You didn't know any spells.
Your spell library was empty.

Dungeon Overview and Level Annotations

Branches:
Dungeon (4/15)
 Temple: D:4-7

Altars:
Ashenzari
Ru


Message History

You hit something. You barely miss something.
Something hits you but does no damage.
You puncture something!
Reactivating autopickup.
You feel a bit more experienced.
The orc priest mumbles some strange prayers to Beogh against you.
Beogh smites you!
* * * LOW HITPOINT WARNING * * *
Things that are here:
a +0 dagger; a +0 robe; an orc corpse You are too berserk!
Unknown command.
You feel a strong urge to attack something.
You hit the orc priest.
The orc priest is poisoned.
The orc priest is moderately wounded.
You hit the orc priest.
The orc priest is heavily wounded.
The orc priest mumbles some strange prayers to Beogh against you.
Pain shoots through your body!
You die...

..# #.# #.# #.#
###.# #.# ....######
#.# ....#..# #.#
#.#...## #.#
#.#....###.### .#
######....#.......#
...
##.o@).....#####.#.#
.... ###..####.#.##
#.# .. ...# ##...##
#.#.# #.# . #..#
##..### #...# #.# #.
.. #...##..## #.###
#.# #. #.. #...(.###
#.# #.# #.
#..##.#.o...## #.#
#.# #.
#........##..## ..
##.###.
##.....#####..#
#......


You could see an orc priest.

Vanquished Creatures
  A bullfrog (D:4)
  A centaur skeleton (D:4)
  2 orc wizards
  8 adders
  An ooze (D:2)
  6 worms
  A dart slug (D:2)
  An orc (D:2)
  2 ball pythons
  6 giant cockroaches
  9 hobgoblins
  11 jackals
  7 kobolds
  7 bats
  3 frilled lizards
  11 goblins
  13 rats
90 creatures vanquished.

Notes
Turn   | Place    | Note
-------+----------+-------------------------------------------
     0 | D:1      | H0rd4k the Human Artificer began the quest for the Orb.
     0 | D:1      | Reached XP level 1. HP: 15/15 MP: 3/3
   135 | D:1      | Reached XP level 2. HP: 19/21 MP: 4/4
   389 | D:1      | Reached XP level 3. HP: 18/26 MP: 5/5
  1009 | D:2      | Reached XP level 4. HP: 27/32 MP: 6/6
  1011 | D:2      | Reached skill level 1 in Armour
  1295 | D:2      | You fall through a shaft!
  1395 | D:3      | Found a sacrificial altar of Ru.
  1415 | D:3      | Reached XP level 5. HP: 30/38 MP: 7/7
  2620 | D:3      | Found a shattered altar of Ashenzari.
  3085 | D:3      | Reached XP level 6. HP: 40/44 MP: 8/8
  3461 | D:4      | Killed from afar by an orc priest

Skill      XL: |  1  2  3  4  5  6 |
---------------+-------------------+-----
Short Blades   | 2 3 |  3.4
Armour         | 1 2 |  2.7
Dodging        | 3 |  3.0
Stealth        | 2 |  2.2
Fighting       | 2 |  2.0
Evocations     | |  3.7

Action                   |  1- 3 |  4- 6 || total
-------------------------+-------+-------++-------
Melee: Dagger            |    94 |   212 ||   306
Evoke: Wand              |     1 |     1 ||     2
  Use: Potion            |       |     1 ||     1
 Stab: Sleeping          |     1 |     5 ||     6
       Paralysed         |       |     1 ||     1
  Eat: Chunk             |       |     8 ||     8
Armor: Leather armour    |    37 |    53 ||    90
Dodge: Dodged            |    53 |    99 ||   152
